 Dungeon Crawl Stone Soup version 0.30.1-4-g462c640d31 (webtiles) character file.

Game seed: 13853790690758451079

3614 Wiggles the Cleaver (level 9, -2/81 HPs)
             Began as a Minotaur Berserker on Sept 18, 2023.
             Was an Elder of Trog.
             Slain by Erica
             ... wielding a +1 scimitar of flaming
              (10 damage)
             ... on level 8 of the Dungeon.
             The game lasted 00:10:39 (6056 turns).

Wiggles the Cleaver (Minotaur Berserker)            Turns: 6056, Time: 00:10:40

Health: -2/81      AC: 21    Str: 31    XL:     9   Next: 86%
Magic:  8/8        EV: 14    Int:  4    God:    Trog [****..]
Gold:   301        SH:  0    Dex: 11    Spells: 8/8 levels left

rFire   . . .        x - +2 battleaxe
rCold   . . .        (shield currently unavailable)
rNeg    . . .        r - +3 plate armour
rPois   .            (helmet restricted)
rElec   .            o - +2 cloak {rCorr}
rCorr   +            a - +0 pair of gloves
SInv    .            (no boots)
Will    .....        (no amulet) Stlth
                     k - +5 ring of evasion
HPRegen 0.33/turn    d - +6 ring of strength
MPRegen 0.11/turn

%: no passive effects
@: on berserk cooldown, slowed, very slow
A: horns 2, retaliatory headbutt
a: Renounce Religion, Berserk, Trog's Hand, Brothers in Arms


You were on level 8 of the Dungeon.
You worshipped Trog.
Trog was greatly pleased with you.
You visited 2 branches of the dungeon, and saw 9 of its levels.

You collected 301 gold pieces.

Inventory:

Hand Weapons
 x - a +2 battleaxe (weapon)
Armour
 a - a +0 pair of gloves (worn)
 o - a +2 cloak of preservation (worn)
 r - a +3 plate armour (worn)
Jewellery
 d - a +6 ring of strength (right hand)
 g - an amulet of magic regeneration
 j - a ring of positive energy
 k - a +5 ring of evasion (left hand)
 m - a ring of flight
 v - a ring of willpower
Wands
 f - a wand of acid (5)
Scrolls
 e - 4 scrolls of identify
 l - 2 scrolls of blinking
 n - a scroll of teleportation {unknown}
Potions
 b - 4 potions of curing
 c - 4 potions of heal wounds
 h - a potion of degeneration
 i - a potion of mutation
 p - 2 potions of might
 s - a potion of flight
 w - a potion of cancellation


   Skills:
 + Level 7.9 Fighting
 + Level 12.2 Axes
 + Level 8.3 Armour
 + Level 4.8 Dodging
 + Level 1.5 Stealth
 + Level 2.5 Shields


You had 8 spell levels left.
You didn't know any spells.
Your spell library was empty.

Dungeon Overview and Level Annotations

Branches:
Dungeon (8/15)             Temple (1/1) D:4
   Lair: D:8-11

Altars:
Cheibriados
Elyvilon
Fedhas
Kikubaaqudgha
Qazlal
Ru
Uskayaw
Zin

Shops:
D:4 =

Annotations:
D:6 3 runed translucent doors, jurchenman's ghost, novice DEFE
D:8 Erica


Innate Abilities, Weirdness & Mutations

You have a pair of horns on your head.
You reflexively headbutt those who attack you in melee.


Message History

Deactivating autopickup; reactivate with Ctrl-A.
You feel your anger nearly subside.
You are no longer berserk.
You are exhausted.
You feel yourself slow down.
You feel sick.
You barely miss something. Your headbutt misses something.
You feel sick. Something hits you. Something burns you.
Something barely misses you.
You feel sick.
You are no longer poisoned.
You hear some strange, mumbled words.
A lance of force appears from out of thin air!
The lance of force hits you!
You are knocked back by the lance of force.
Something completely misses you.
You slice something!! Something hits you but does no damage.
You hear some strange, mumbled words.
You are confused.
You bump into the rock wall.
Something hits you. Something burns you.
You barely miss something. Something hits you! Something burns you.
Something hits you.
* * * LOW HITPOINT WARNING * * *
Something burns you.
* * * LOW HITPOINT WARNING * * *
Something hits you but does no damage. x2
You bump into the rock wall.
Something hits you.
* * * LOW HITPOINT WARNING * * *
Something burns you.
* * * LOW HITPOINT WARNING * * *
You slash something! Your headbutt misses something.
You feel less confused. Something closely misses you. Something hits you!
* * * LOW HITPOINT WARNING * * *
Something burns you.
* * * LOW HITPOINT WARNING * * *
You hit something. Your headbutt misses something.
Something hits you but does no damage.
You hear some strange, mumbled words.
You feel as though you will be slow longer.
You closely miss something. Something hits you!
You die...

#..........# ...
######.....## ..#
#########†.....##.# #
.........†........#
#.#.......###+#..#.##
#...##.##..##.#..#.######
#....#.#...##.#...>.....#
#.....#.##.#......####
..##...##.##@#.####.#
#....._....##{##<....#
#..##...##..#'#####..# #.
#.....#.......##..#
#....#.#.........##..#
...##.##........###.#
#.#. .....###........#
#.# .....## #.########
..... ....


There were no monsters in sight!

Vanquished Creatures
  Joseph (D:7)
  Maggie (D:7)
  Menkaure (D:7)
  A water moccasin (D:7)
  2 ice beasts
  2 black bears (D:5)
  2 orc warriors
  4 ogres
  3 centaurs
  A phantom (D:4)
  2 kobold brigands (D:7)
  A bullfrog (D:6)
  A scorpion (D:6)
  8 wights
  5 killer bees (D:8)
  A hound (D:6)
  4 orc priests
  3 gnoll boudas
  Crazy Yiuf (D:3)
  A sleepcap (D:6)
  An iguana (D:4)
  6 orc wizards
  2 adders
  13 gnolls
  A shadow imp (D:6)
  2 ufetubi (D:5)
  A worm (D:3)
  3 dart slugs
  22 orcs
  4 endoplasms
  2 giant cockroaches
  6 hobgoblins
  11 jackals
  4 quokkas
  3 ball pythons
  6 bats
  5 frilled lizards
  2 goblins
  7 kobolds
  5 rats
151 creatures vanquished.

Notes
Turn   | Place    | Note
-------+----------+-------------------------------------------
     0 | D:1      | Wiggles the Minotaur Berserker began the quest for the Orb.
     0 | D:1      | Reached XP level 1. HP: 19/19 MP: 0/0
   288 | D:1      | Reached skill level 4 in Axes
   288 | D:1      | Reached XP level 2. HP: 27/27 MP: 1/1
   986 | D:2      | Reached ** piety under Trog
   987 | D:2      | Reached XP level 3. HP: 33/33 MP: 2/2
  1608 | D:3      | Found a runed translucent door.
  1609 | D:3      | Noticed Crazy Yiuf
  1646 | D:3      | Killed Crazy Yiuf
  1647 | D:3      | Reached XP level 4. HP: 40/40 MP: 3/3
  1732 | D:3      | Noticed an ogre
  1741 | D:3      | Killed an ogre
  1742 | D:3      | Reached skill level 5 in Axes
  1742 | D:3      | Reached XP level 5. HP: 45/47 MP: 4/4
  1816 | D:3      | Found a faded altar of an unknown god.
  2452 | D:4      | Found a blossoming altar of Fedhas.
  2552 | D:4      | Reached skill level 6 in Axes
  2559 | D:4      | Reached XP level 6. HP: 27/53 MP: 5/5
  2707 | D:4      | Found a staircase to the Ecumenical Temple.
  2886 | D:4      | Found an ancient bone altar of Kikubaaqudgha.
  2939 | D:4      | Found Qextac's Jewellery Boutique.
  2981 | Temple   | Entered the Ecumenical Temple
  2996 | D:5      | Entered Level 5 of the Dungeon
  3018 | D:5      | Reached skill level 5 in Armour
  3023 | D:5      | Reached skill level 5 in Fighting
  3129 | D:5      | Noticed an ice beast
  3136 | D:5      | Killed an ice beast
  3137 | D:5      | Reached skill level 1 in Shields
  3137 | D:5      | Reached XP level 7. HP: 61/61 MP: 6/6
  3150 | D:5      | Found a snail-covered altar of Cheibriados.
  3161 | D:5      | Reached skill level 7 in Axes
  3335 | D:5      | Reached *** piety under Trog
  3751 | D:6      | Reached skill level 8 in Axes
  3751 | D:6      | Reached skill level 1 in Stealth
  3777 | D:6      | Noticed a vampire
  3779 | D:6      | Noticed a troll
  3779 | D:6      | Noticed jurchenman's ghost (novice DEFE)
  3793 | D:6      | Reached XP level 8. HP: 69/69 MP: 7/7
  3801 | D:6      | Found a runed translucent gate.
  3801 | D:6      | Found a runed translucent gate.
  3801 | D:6      | Found a runed translucent gate.
  4085 | D:6      | Found a white marble altar of Elyvilon.
  4161 | D:6      | Reached skill level 9 in Axes
  4881 | D:7      | Noticed Joseph
  4891 | D:7      | Killed Joseph
  4892 | D:7      | Reached skill level 10 in Axes
  4892 | D:7      | Reached XP level 9. HP: 78/78 MP: 8/8
  5111 | D:7      | Noticed Menkaure
  5124 | D:7      | Killed Menkaure
  5278 | D:7      | Reached **** piety under Trog
  5281 | D:7      | Reached skill level 11 in Axes
  5566 | D:7      | Noticed Maggie
  5576 | D:7      | Killed Maggie
  5828 | D:7      | Found a glowing silver altar of Zin.
  5976 | D:8      | Reached skill level 12 in Axes
  6006 | D:8      | Found a stormy altar of Qazlal.
  6036 | D:8      | Noticed Erica
  6056 | D:8      | Slain by Erica

Illustrated notes

Levels and vault maps discovered:
D:1:      dpeg_arrival_erosion, layout_basic, serial_curves, eino_curves_02,
          eino_curves_04, minmay_box_of_dots
D:2:      layout_rooms, minmay_hexomino_f4
D:3:      layout_basic, chequers_ecumenical_altar_simple,
          dreamdust_mushroom_princess, uniq_crazy_yiuf_cottage
D:4:      layout_cave_pools, marbit_many_paths, fedhas_altar_2,
          minmay_temple_entry_glass, serial_shops, shop
D:5:      layout_cave_pools, mainiacjoe_overflow_chevrons
D:6:      layout_loops_ring, mainiacjoe_overflow_24_doors, gammafunk_ghost_split
D:7:      layout_cave_pods, zin_statuary, uniq_joseph, uniq_maggie,
          uniq_menkaure
D:8:      layout_basic, mainiacjoe_overflow_small_starburst, tgw_trog,
          uniq_erica, uniq_pikel, uniq_maurice
Temple:   nicolae_temple_bog_church

Skill      XL: |  1  2  3  4  5  6  7  8  9 |
---------------+----------------------------+-----
Axes           | 4 5 6 8 10 12 | 12.2
Fighting       | 4 5 6 7 |  7.9
Armour         | 3 4 5 6 7 8 |  8.3
Dodging        | 3 4 |  4.8
Shields        | 1 2 |  2.5
Stealth        | 1 |  1.5

Action                     |  1- 3 |  4- 6 |  7- 9 || total
---------------------------+-------+-------+-------++-------
  Melee: Hand axe          |    83 |     6 |       ||    89
         Punch             |     2 |       |       ||     2
         Headbutt          |     7 |    10 |    28 ||    45
         War axe           |       |    68 |    75 ||   143
         Battleaxe         |       |       |   111 ||   111
 Invoke: Berserk           |     1 |     4 |     5 ||    10
    Use: Scroll            |       |       |    17 ||    17
 Armour: Animal skin       |     1 |       |       ||     1
         Ring mail         |    25 |     3 |       ||    28
         Scale mail        |       |    22 |    52 ||    74
         Plate armour      |       |       |    57 ||    57
  Dodge: Dodged            |    55 |    93 |   190 ||   338
  Block: Buckler           |       |    10 |    20 ||    30
